AoeStats
← Luke_90

Arabia

510224609Analyzed
2v2 RM · 3d ago on Sep 30, 2026· 33m 30s· 4 players
Game mode
Random Map
Map size
Medium (4 player)
Population
200
Speed
Normal
Resources
Standard
Victory
Conquest
Starting age
Dark Age
Ending age
Imperial Age
RankedLock teamsTeams togetherTeam positionsShared explorationLock speedFull tech treeHidden civsTurbo modeCheats
Victory
Defeat
🇨🇱 Portuguese · Chile
1047
+14
🇦🇺 Huns · Australia
1033
+14
🇦🇷 Franks · Argentina
1000
-42
🇦🇷 Turks · Argentina
1000
-42
Epileptic Pilot
11:55 Feudal Age
12:44 Loom
13:34 Wheelbarrow
13:00 Double-Bit Axe
12:57 Horse Collar
13:24 Town Watch
19:23 Castle Age
20:16 Gold Mining
20:37 Bow Saw
22:07 Fletching
23:23 Bodkin Arrow
23:31 Padded Archer Armor
22:55 Pikeman
23:35 Squires
24:22 Forging
24:13 Scale Mail Armor
26:02 Ballistics
25:55 Thumb Ring
27:49 Heavy Plow
27:43 Stone Mining
29:49 Arson
30:42 Iron Casting
35:57 Imperial Age
33:42 Scale Barding Armor
34:19 Bloodlines
34:09 Husbandry
Panxhoculiao
7:20 Loom
9:50 Feudal Age
10:53 Double-Bit Axe
13:34 Fletching
14:45 Horse Collar
20:41 Castle Age
18:53 Gold Mining
19:35 Padded Archer Armor
21:06 Crossbowman
21:43 Bodkin Arrow
22:44 Wheelbarrow
22:55 Stone Mining
25:07 Bow Saw
25:22 Leather Archer Armor
31:11 Imperial Age
28:41 Town Watch
29:39 Heavy Plow
30:38 Ballistics
30:45 Thumb Ring
31:23 Town Patrol
31:42 Capped Ram
34:02 Chemistry
34:16 Hand Cart
Luke_90
0:28 Loom
12:16 Feudal Age
13:33 Wheelbarrow
12:46 Horse Collar
12:54 Double-Bit Axe
23:12 Man-at-Arms
27:39 Castle Age
26:35 Scale Mail Armor
26:36 Padded Archer Armor
29:23 Bow Saw
29:16 Heavy Plow
33:46 Scale Barding Armor
Hamilton
12:02 Feudal Age
10:18 Loom
16:41 Castle Age
15:58 Double-Bit Axe
Connection lost

Rejoining the realm…

Still unreachable

The connection could not be restored.

Session expired

The server has moved on; the page needs a fresh start.